Map: Frozen Temple

Players

Inflicted - Winner!

  • Race: Zerg Zerg
  • League: Diamond

Maru

  • Race: Terran Terran
  • League: Master

VOD

Have the link to the VOD?

Description

Time

  • Played on: July 13, 2016, 11:50 a.m.
  • Length: 21:20
Show
View Real Time Build Order
Export as new Build Order

Inflicted Zerg - Winner!

Build Orders: Hatch First 

Get SALT Encoding   

  12  0:01  Drone  
  13  0:13  Overlord  
  13  0:19  Drone  
  14  0:33  Drone x2  
  16  0:36  Drone  
  17  0:54  Hatchery  
  16  0:58  Drone  
  16  1:02  Extractor  
  16  1:03  Drone  
  17  1:18  Spawning Pool  
  16  1:24  Drone  
  17  1:26  Drone  
  17  1:31  Drone  
  19  2:04  Queen, Metabolic Boost  
  19  2:06  Queen  
  19  2:07  Zergling x6  
  26  2:13  Overlord  
  26  2:49  Drone x3  
  28  2:54  Drone x3  
  31  3:02  Queen  
  31  3:03  Queen  
  35  3:15  Drone  
  35  3:16  Overlord x2  
  36  3:25  Hatchery  
  35  3:31  Drone  
  35  3:34  Overlord  
  36  3:35  Overlord  
  36  3:38  Drone  
  36  3:40  Drone  
  38  3:53  Zergling x6  
  38  3:54  Zergling x4  
  42  4:03  Roach Warren  
  42  4:06  Zergling x4  
  42  4:08  Drone x2  
  45  4:23  Drone x6  
  45  4:24  Drone  
  52  4:34  Drone, Evolution Chamber  
  52  4:35  Drone, Evolution Chamber  
  52  4:36  Drone  
  53  4:44  Pneumatized Carapace  
  53  4:45  Extractor, Drone  
  53  4:46  Roach  
  53  4:48  Drone  
  52  5:01  Roach x2  
  55  5:08  Spore Crawler  
  55  5:12  Roach x3  
  55  5:13  Ravager  
  61  5:28  Extractor x2  
  59  5:41  Spore Crawler  
  58  5:45  Drone x3  
  58  5:46  Drone x3  
  63  5:54  Roach x3  
  65  6:14  Overlord x2  
  65  6:33  Zerg Missile Weapons Level 1  
  65  6:40  Drone x3  
  65  6:41  Zerg Ground Armor Level 1  
  65  6:42  Drone x4  
  65  6:43  Drone  
  73  6:59  Drone  
  73  7:00  Drone x2  
  76  7:01  Overlord x2  
  76  7:02  Overlord  
  76  7:20  Drone x2  
  78  7:24  Drone  
  78  7:25  Drone x7  
  78  7:26  Drone x2  
  88  7:32  Ravager  
  88  7:33  Ravager x3  
  88  7:35  Roach x2  
  88  7:36  Zergling x2  
  88  7:37  Zergling x2  
  98  7:38  Overlord  
  98  7:55  Overlord x4  
  98  8:04  Hatchery, Drone x3  
  99  8:21  Roach  
  99  8:22  Roach x9  
  119  8:29  Roach x4  
  125  8:37  Zergling x6  
  125  8:41  Roach x3  
  133  8:49  Queen  
  133  8:50  Lair  
  133  8:52  Roach x2  
  137  9:11  Overlord x4  
  137  9:12  Overlord x3  
  137  9:20  Queen  
  137  9:21  Drone  
  137  9:23  Drone x2, Overlord x3  
  142  9:25  Roach  
  144  9:34  Roach x2  
  144  9:35  Roach x4  
  144  9:36  Ravager  
  144  9:37  Ravager x3  
  160  9:39  Ravager  
  160  9:42  Extractor x2, Drone x2  
  160  9:43  Drone  
  160  9:44  Drone  
  160  9:45  Drone  
  164  9:48  Glial Reconstitution  
  164  9:51  Zerg Missile Weapons Level 2  
  164  10:00  Roach  
  164  10:01  Roach x4  
  172  10:18  Drone x2  
  172  10:19  Drone x3  
  177  10:22  Extractor  
  177  10:23  Extractor  
  175  10:30  Overseer  
  175  10:31  Overseer x2  
  175  10:34  Zerg Ground Armor Level 2  
  175  10:38  Drone x4  
  175  10:39  Drone x2  
  175  10:41  Spore Crawler  
  180  10:43  Spine Crawler  
  180  10:45  Spine Crawler  
  178  10:52  Zergling x2  
  178  10:53  Zergling x28  
  193  10:58  Infestation Pit  
  193  11:01  Drone x4  
  196  11:19  Zergling x6  
  196  11:25  Burrow  
  190  11:33  Zergling x2  
  190  11:34  Zergling x16  
  199  11:56  Hive, Pathogen Glands  
  199  12:02  Hatchery  
  199  12:05  Roach  
  197  12:43  Infestor x2  
  193  13:07  Spore Crawler, Spine Crawler x2  
  190  13:17  Ultralisk Cavern, Zerg Melee Weapons Level 1  
  190  13:18  Adrenal Glands, Zerg Ground Armor Level 3  
  181  13:20  Infestor x2  
  181  13:21  Infestor  
  186  13:33  Overlord  
  186  13:34  Overlord x2  
  186  13:44  Ravager x5  
  186  13:45  Ravager x3  
  186  13:46  Ravager x2  
  186  13:47  Queen  
  198  14:01  Zergling x6  
  199  14:05  Chitinous Plating  
  178  14:51  Roach x2  
  178  14:52  Ultralisk x4  
  200  15:01  Spire  
  200  15:02  Spire  
  198  15:07  Infestor  
  198  15:24  Infestor  
  199  15:29  Hatchery  
  199  15:31  Zerg Melee Weapons Level 2  
  150  16:00  Ultralisk  
  150  16:01  Ultralisk x6  
  150  16:02  Zergling x4  
  150  16:03  Zergling x6  
  171  16:05  Zergling x4  
  171  16:06  Zergling x44  
  171  16:09  Ultralisk  
  198  16:23  Zergling x2  
  199  16:32  Hatchery  
  198  16:40  Roach  
  200  17:00  Zerg Flyer Armor Level 1, Zerg Flyer Weapons Level 1  
  200  17:16  Spore Crawler, Spine Crawler, Zerg Missile Weapons Level 3  
  200  17:17  Spine Crawler  
  200  17:19  Infestor  
  177  17:52  Infestor x2  
  177  17:53  Infestor x2  
  177  17:55  Zergling x24  
  177  17:56  Zergling x14  
  199  17:58  Drone x2  
  187  18:10  Ultralisk x3  
  196  18:13  Zergling x8  
  200  18:23  Extractor  
  200  18:24  Extractor, Drone x2  
  200  18:30  Hatchery  
  183  18:49  Zergling x2  
  183  18:55  Zergling x2  
  184  18:56  Zergling x32  
  184  19:00  Baneling Nest  
  193  19:11  Corruptor  
  193  19:12  Corruptor x2  
  199  19:23  Zergling x6  
  186  19:46  Roach  
  186  19:47  Roach x6  
  190  19:53  Roach x2  
  190  19:54  Roach  
  190  19:55  Roach x2  
  190  19:59  Corruptor  
  181  20:17  Corruptor x9  
  172  20:31  Ravager x5  
  172  20:32  Ravager x8, Drone  
  186  20:37  Drone x3  
  174  20:43  Corruptor x4  
Show
View Real Time Build Order
Export as new Build Order

Maru Terran 

Build Orders: Reaper Expand, MMM Bio 

Get SALT Encoding   

  12  0:01  SCV  
  13  0:13  SCV  
  14  0:21  Supply Depot  
  14  0:25  SCV  
  15  0:43  SCV  
  15  0:44  Barracks  
  15  0:49  Refinery  
  16  0:55  SCV  
  17  1:13  SCV  
  18  1:25  SCV  
  19  1:32  Reaper  
  20  1:37  Orbital Command  
  20  1:42  Command Center  
  20  1:53  Supply Depot  
  20  2:02  SCV  
  20  2:03  Marine  
  22  2:11  Factory  
  22  2:14  SCV  
  23  2:22  Refinery  
  23  2:26  Barracks Reactor, SCV  
  24  2:39  SCV  
  25  2:51  SCV  
  26  2:59  Orbital Command  
  26  3:02  Bunker  
  26  3:03  Starport, SCV  
  27  3:12  Hellion x2  
  31  3:13  Barracks Tech Lab  
  31  3:15  SCV  
  31  3:27  SCV  
  31  3:28  SCV  
  31  3:34  Hellion x2, Supply Depot  
  37  3:36  Marine  
  37  3:39  SCV  
  37  3:40  Medivac  
  41  3:45  SCV  
  41  3:48  Stimpack  
  42  3:51  SCV  
  43  3:56  Supply Depot  
  43  3:57  SCV  
  43  4:00  Marine  
  45  4:03  SCV  
  45  4:07  Liberator  
  47  4:10  SCV  
  47  4:17  Marine  
  47  4:19  SCV  
  47  4:22  SCV  
  47  4:23  Supply Depot  
  50  4:28  Command Center  
  54  4:31  SCV  
  54  4:34  SCV  
  54  4:35  Marine  
  56  4:43  SCV  
  57  4:48  Engineering Bay  
  57  4:50  Engineering Bay  
  57  4:53  Marine  
  58  5:11  Marine  
  58  5:13  Starport Reactor  
  59  5:18  Barracks  
  59  5:22  SCV  
  59  5:23  Terran Infantry Weapons Level 1, Terran Infantry Armor Level 1, Factory Reactor  
  59  5:24  SCV  
  59  5:26  Refinery x2, Barracks  
  59  5:27  Supply Depot  
  61  5:29  Marine  
  61  5:34  SCV  
  63  5:36  SCV  
  63  5:41  Orbital Command  
  64  5:46  SCV  
  64  5:47  Marine  
  64  5:48  SCV  
  63  6:03  Medivac x2  
  60  6:04  Marine  
  60  6:05  Combat Shields  
  60  6:06  SCV  
  60  6:08  SCV  
  60  6:09  Barracks  
  63  6:14  Armory, Marine, Factory Tech Lab  
  63  6:15  Barracks  
  64  6:20  SCV  
  64  6:22  Marine  
  66  6:28  Marine x3  
  69  6:34  Siege Tank  
  69  6:35  SCV  
  69  6:36  SCV  
  74  6:40  Marine  
  74  6:41  Supply Depot  
  74  6:43  Supply Depot  
  74  6:45  Orbital Command  
  75  6:47  SCV  
  75  6:48  Marine x4  
  75  6:49  Medivac x2  
  84  6:58  Marine  
  85  7:04  Barracks Reactor x2  
  85  7:06  Marine x4  
  85  7:07  Siege Tank  
  85  7:08  SCV  
  93  7:11  SCV  
  93  7:12  SCV  
  95  7:16  Marine, Liberator  
  95  7:20  SCV, Supply Depot  
  97  7:23  SCV, Supply Depot, Marine  
  97  7:24  SCV, Marine, Supply Depot  
  101  7:30  Marine x2  
  101  7:32  SCV  
  101  7:35  SCV  
  101  7:36  SCV  
  109  7:42  Terran Infantry Weapons Level 2  
  109  7:43  Refinery, Marine x3  
  109  7:44  Refinery, Marine x3, SCV  
  113  7:47  SCV, Supply Depot  
  113  7:49  Marine x2  
  113  7:50  Supply Depot x2  
  113  7:51  SCV  
  120  7:53  Terran Infantry Armor Level 2  
  120  7:54  Supply Depot  
  120  8:07  Marine  
  120  8:08  Siege Tank, Marine x8  
  132  8:13  Terran Ship Weapons Level 1  
  132  8:25  Marine x5  
  132  8:26  Marine x2  
  132  8:56  Marine x8  
  132  8:57  Siege Tank, Medivac x2  
  144  9:08  Marine, Command Center  
  145  9:10  Barracks  
  145  9:12  Barracks  
  145  9:14  Marine x2, Supply Depot  
  145  9:15  Marine x6  
  145  9:16  Supply Depot  
  153  9:17  Supply Depot  
  153  9:19  Supply Depot  
  153  9:26  Marine, Liberator  
  153  9:27  Medivac  
  153  9:29  Siege Tank  
  159  9:31  Marine  
  159  9:32  Marine x3  
  163  9:40  Liberator  
  163  9:42  Marine x4  
  163  9:43  Supply Depot, Marine  
  171  9:47  Starport  
  171  9:49  Marine  
  171  9:50  Fusion Core  
  171  9:51  Marine  
  171  9:52  Marine x2  
  178  10:00  Marine x2  
  178  10:01  Siege Tank  
  171  10:15  Marine x6, Liberator  
  171  10:17  Barracks Tech Lab, Barracks Reactor  
  177  10:22  Liberator  
  177  10:31  Marine  
  177  10:32  Marine x2  
  177  10:33  Siege Tank, Marine x3  
  189  10:39  Starport Tech Lab  
  192  10:48  Marine x4  
  192  10:49  Marine x3  
  197  10:51  Planetary Fortress  
  197  10:55  Terran Infantry Weapons Level 3  
  199  10:57  Sensor Tower  
  199  11:01  Advanced Ballistics  
  199  11:03  Marine  
  200  11:05  Terran Infantry Armor Level 3  
  198  11:44  Marine x2  
  200  11:48  Barracks  
  200  11:52  Barracks x2  
  200  11:53  Starport  
  197  12:25  Marine  
  197  12:29  High Capacity Fuel Tanks  
  194  12:42  Barracks Reactor  
  194  12:43  Barracks Tech Lab x2  
  194  12:44  Starport Reactor  
  194  12:55  Command Center  
  194  12:57  Engineering Bay  
  194  13:06  Supply Depot  
  193  13:13  Command Center  
  193  13:15  Concussive Shells  
  193  13:16  Liberator  
  192  13:29  Command Center  
  192  13:30  Terran Ship Weapons Level 2  
  192  13:32  Hi-Sec Auto Tracking  
  195  13:42  Building Armor  
  195  13:49  Missile Turret  
  195  13:50  Missile Turret x2  
  195  13:53  Missile Turret  
  195  13:55  Missile Turret  
  195  13:56  Missile Turret  
  195  13:59  Missile Turret  
  195  14:03  Missile Turret  
  183  14:21  Planetary Fortress  
  183  14:24  Command Center  
  181  14:33  Marine  
  127  15:00  Viking x5  
  136  15:05  Ghost Academy  
  150  15:07  Marauder x3, Marine x4  
  156  15:23  Planetary Fortress  
  146  15:38  Ghost x4  
  146  15:40  Refinery  
  146  15:41  Refinery  
  94  16:05  Marine x4  
  94  16:06  Marine, Ghost  
  94  16:07  Ghost x3  
  94  16:09  Marine x3  
  94  16:10  Marine x3  
  109  16:25  Marine x2  
  104  16:35  Ghost x3, Planetary Fortress  
  110  16:46  Liberator x3  
  110  16:47  Liberator  
  110  16:49  Sensor Tower  
  110  16:56  Liberator  
  124  17:23  Orbital Command  
  124  17:29  Liberator  
  122  17:38  Personal Cloaking  
  116  18:02  Liberator x4  
  112  18:15  Supply Depot  
  124  18:20  Siege Tank  
  124  18:21  Ghost  
  129  18:38  Supply Depot  
  129  19:11  Ghost x4  
  135  19:39  Ghost  
  123  19:46  Ghost  
  104  20:18  Ghost x2  
  96  20:22  Marine  
  96  20:26  Marine  
  96  20:27  Marine  
  99  20:31  Marine  
  96  20:56  Marine x5  
  96  20:57  SCV x6, Marine x4  
  97  21:00  Refinery  
  97  21:02  Refinery  
Tags
 
Add a new tag
Caveats
  • Supply blocks, unpowered buildings, or Contaminate may cause inaccurate times.
  • Supply counts are checked every 10 seconds.